 Dungeon Crawl Stone Soup version 0.30-a0-1114-gd936c97349 (webtiles) character file.

Game seed: 3082007417898329508

4258 retardedninja the Magician (level 10, -4/74 HPs)
             Began as a Gnoll Fire Elementalist on Apr 20, 2023.
             Was an Elder of Cheibriados.
             Killed by divine providence
             ... invoked by an orc priest
              (8 damage)
             ... on level 9 of the Dungeon.
             The game lasted 00:19:49 (8849 turns).

retardedninja the Magician (GnFE)                   Turns: 8849, Time: 00:19:50

Health: -4/74      AC: 14    Str: 20    XL:     10   Next: 31%
Magic:  17/21      EV: 17    Int: 28    God:    Cheibriados [****..]
Gold:   405        SH:  0    Dex: 24    Spells: 17/23 levels left

rFire   . . .      SeeInvis .    s - +1 great mace
rCold   . . .      Faith    .    (shield currently unavailable)
rNeg    . . .      Spirit   .    h - +0 troll leather armour
rPois   .          Reflect  .    m - +1 helmet
rElec   .          Rampage  .    (no cloak)
rCorr   .                        f - +2 pair of gloves {Str+3}
Will    .....                    (no boots)
Stlth   ++++                     e - amulet of magic regeneration
HPRegen 1.12/turn                i - +4 ring of protection
MPRegen 0.57/turn                r - ring of willpower

@: mighty, weak-willed, very slightly contaminated, hasted, slow
A: fangs 1, strong nose, distributed training
a: Renounce Religion, Bend Time, Temporal Distortion, Slouch


You were on level 9 of the Dungeon.
You worshipped Cheibriados.
Cheibriados was greatly pleased with you.
You visited 1 branch of the dungeon, and saw 10 of its levels.
You also visited: Sewer.

You collected 405 gold pieces.

Inventory:

Hand Weapons
 s - a +1 great mace (weapon)
Armour
 f - a +2 pair of gloves of strength (worn)
 h - a +0 troll leather armour (worn)
 m - a +1 helmet (worn)
Jewellery
 e - an amulet of magic regeneration (around neck)
 i - a +4 ring of protection (left hand)
 r - a ring of willpower (right hand)
Wands
 w - a wand of flame (8)
 y - a wand of mindburst (11)
 G - a wand of polymorph (11)
 I - a wand of roots (2)
 L - a wand of charming (11)
Scrolls
 a - a scroll of identify
 k - a scroll of fog
 l - a scroll of silence
 n - a scroll of poison
 B - a scroll of noise
 C - a scroll of fear
 J - 2 scrolls of enchant armour
Potions
 b - 4 potions of magic
 c - 4 potions of brilliance
 o - 4 potions of cancellation
 x - 3 potions of flight
 z - 2 potions of degeneration
 E - 3 potions of mutation
 F - a potion of resistance {unknown}


   Skills:
 + Level 5.3 Fighting
 + Level 5.3 Short Blades
 + Level 5.3 Long Blades
 + Level 5.3 Axes
 + Level 5.3 Maces & Flails
 + Level 5.3 Polearms
 + Level 5.3 Staves
 + Level 5.3 Ranged Weapons
 + Level 5.3 Throwing
 + Level 5.3 Armour
 + Level 7.1 Dodging
 + Level 6.9 Stealth
 + Level 5.3 Shields
 + Level 5.3 Unarmed Combat
 + Level 7.4 Spellcasting
 + Level 5.0 Conjurations
 + Level 4.4 Hexes
 + Level 4.4 Summonings
 + Level 4.4 Necromancy
 + Level 4.4 Translocations
 + Level 4.4 Transmutations
 + Level 7.1 Fire Magic
 + Level 4.4 Ice Magic
 + Level 4.4 Air Magic
 + Level 4.4 Earth Magic
 + Level 4.4 Poison Magic
 + Level 5.9 Invocations
 + Level 5.3 Evocations


You had 17 spell levels left.
You knew the following spells:

 Your Spells              Type           Power      Damage    Failure   Level
a - Foxfire               Conj/Fire      100%       2x1d9     1%          1
b - Scorch                Fire           100%       2d9       1%          2
c - Inner Flame           Hex/Fire       42%        N/A       1%          3

Your spell library contained the following spells:

 Spells                   Type           Power      Damage    Failure   Level
 Sting                    Tmut/Pois      100%       1d8       1%          1
 Blink                    Tloc           70%        N/A       1%          2
 Poisonous Vapours        Pois/Air       70%        N/A       1%          2
 Volatile Blastmotes      Fire/Tloc      84%        2d17      1%          3
 Flame Wave               Conj/Fire      44%        2d11      4%          4
 Manifold Assault         Tloc           35%        N/A       10%         4
 Olgreb's Toxic Radiance  Pois           35%        N/A       10%         4
 Storm Form               Tmut/Air       17%        N/A       100%        7


Dungeon Overview and Level Annotations

Branches:
Dungeon (10/15)            Temple (0/1) D:7             Orc (0/2) D:9
  Sewer (visited)
   Lair: D:8-11

Altars:
Ashenzari
Cheibriados
Dithmenos
Elyvilon
Fedhas
Hepliaklqana
Nemelex Xobeh
Okawaru
Qazlal
Trog
Uskayaw
Yredelemnul
The Shining One

Portals:
Trove: D:10 (give +2 gold dragon scales)


Innate Abilities, Weirdness & Mutations

You have very sharp teeth.
Your uncanny sense of smell can sniff out nearby items.
Your experience applies equally to all skills.


Message History

Unknown command.
Casting: Scorch (safe; 1% risk of failure)
Confirm with . or Enter, or press ? or * to list all spells.
You miscast Scorch.
You are very lightly contaminated with residual magic.
Nothing appears to happen.
The orc closely misses you.
The kobold brigand hits you but does no damage.
The orc priest looks satisfied for a moment.
The kobold completely misses you.
Unknown command.
Casting: Scorch (safe; 1% risk of failure)
Confirm with . or Enter, or press ? or * to list all spells.
Flames lash the kobold brigand.
The kobold brigand is burned terribly!
You kill the kobold brigand!
Cheibriados appreciates the change of pace.
The orc barely misses you. The kobold barely misses you.
Your Conjurations skill increases to level 5!
Casting: Scorch (safe; 1% risk of failure)
Confirm with . or Enter, or press ? or * to list all spells.
Flames lash the orc priest.
The orc priest is severely wounded.
The orc priest's fire resistance burns away.
The wyvern is no longer more vulnerable to fire.
The orc completely misses you.
The orc priest invokes the aid of Beogh against you.
Beogh smites you!
* * * LOW HITPOINT WARNING * * *
The orc priest mumbles some strange prayers to Beogh against you.
Beogh smites you!
* * * LOW HITPOINT WARNING * * *
The kobold misses you.
Unknown command.
It was a potion of haste.
You feel yourself speed up.
Cheibriados forgives your accidental hurry, just this once.
The orc closely misses you.
The orc priest hits you but does no damage.
The kobold barely misses you.
The orc priest invokes the aid of Beogh against you.
Beogh smites you!
You die...

.......
.......
.......
....KoK
.....
8K.
###l###
#..oo@#
#...oK#
#.._).#
#.....#
#.....#
#######


You could see a wyvern, 2 orc priests, an orc and 2 kobolds.

Vanquished Creatures
  An unseen horror (D:10)
  A troll (D:10)
  A steam dragon (D:10)
  Edmund (D:5)
  3 water moccasins
  2 orc warriors
  2 ice beasts (D:6)
  2 black bears (D:8)
  A centaur (D:10)
  6 bullfrogs
  2 kobold brigands
  3 scorpions
  5 wights (D:7)
  Dowan (D:5)
  A howler monkey (D:10)
  4 jellies
  A hound (D:6)
  2 gnoll boudas
  4 orc priests
  3 sleepcaps
  2 iguanas
  3 orc wizards
  11 gnolls
  10 adders
  9 river rats
  2 shadow imps
  An ufetubus (D:5)
  4 dart slugs
  24 orcs
  11 ball pythons
  5 endoplasms
  5 giant cockroaches
  9 goblins
  10 hobgoblins
  5 jackals
  17 kobolds
  A quokka (D:2)
  5 bats
  4 frilled lizards
  28 rats
212 creatures vanquished.

Vanquished Creatures (collateral kills)
  Sonja (D:10)
1 creature vanquished.

Vanquished Creatures (others)
  2 orcs (D:9)
  634 foxfires
  21 fungi (D:8)
  18 plants (D:8)
675 creatures vanquished.

Grand Total: 888 creatures vanquished

Notes
Turn   | Place    | Note
-------+----------+-------------------------------------------
     0 | D:1      | retardedninja the Gnoll Fire Elementalist began the quest
                  | for the Orb.
     0 | D:1      | Reached XP level 1. HP: 13/13 MP: 6/6
   231 | D:1      | Reached XP level 2. HP: 12/19 MP: 2/7
   653 | D:1      | Reached skill level 5 in Spellcasting
   653 | D:1      | Reached XP level 3. HP: 25/25 MP: 7/9
   843 | D:2      | Reached skill level 1 in Invocations
  1073 | D:2      | Learned a level 2 spell: Scorch
  1248 | D:2      | Reached skill level 1 in Fighting
  1248 | D:2      | Reached skill level 1 in Short Blades
  1248 | D:2      | Reached skill level 1 in Long Blades
  1248 | D:2      | Reached skill level 1 in Axes
  1248 | D:2      | Reached skill level 1 in Maces & Flails
  1248 | D:2      | Reached skill level 1 in Polearms
  1248 | D:2      | Reached skill level 1 in Staves
  1248 | D:2      | Reached skill level 1 in Ranged Weapons
  1248 | D:2      | Reached skill level 1 in Throwing
  1248 | D:2      | Reached skill level 1 in Armour
  1248 | D:2      | Reached skill level 1 in Shields
  1248 | D:2      | Reached skill level 1 in Unarmed Combat
  1248 | D:2      | Reached skill level 1 in Evocations
  1463 | D:2      | Reached XP level 4. HP: 32/32 MP: 11/11
  1489 | D:2      | Found a faded altar of an unknown god.
  1656 | D:3      | Found a glowing golden altar of the Shining One.
  1656 | D:3      | Found a blossoming altar of Fedhas.
  1664 | D:2      | Reached skill level 1 in Hexes
  1664 | D:2      | Reached skill level 1 in Summonings
  1664 | D:2      | Reached skill level 1 in Necromancy
  1664 | D:2      | Reached skill level 1 in Translocations
  1664 | D:2      | Reached skill level 1 in Transmutations
  1664 | D:2      | Reached skill level 1 in Ice Magic
  1664 | D:2      | Reached skill level 1 in Air Magic
  1664 | D:2      | Reached skill level 1 in Earth Magic
  1664 | D:2      | Reached skill level 1 in Poison Magic
  1968 | D:2      | Reached XP level 5. HP: 26/37 MP: 5/12
  2124 | D:3      | Found a snail-covered altar of Cheibriados.
  2178 | D:3      | Became a worshipper of Cheibriados the Contemplative
  2539 | D:3      | Reached * piety under Cheibriados
  2688 | D:3      | Reached XP level 6. HP: 24/44 MP: 3/13
  2930 | D:4      | Identified the +4 chain mail of Beastly the Leaf {Will+
                  | Str+3}
  3031 | D:4      | Reached skill level 5 in Dodging
  3697 | D:5      | Entered Level 5 of the Dungeon
  3738 | D:5      | Noticed Edmund
  3743 | D:5      | Killed Edmund
  3744 | D:5      | Reached XP level 7. HP: 51/51 MP: 15/15
  3770 | D:5      | Found a glowing drain.
  3781 | Sewer    | Entered a sewer
  3808 | Sewer    | Reached ** piety under Cheibriados
  3974 | Sewer    | Reached *** piety under Cheibriados
  4010 | Sewer    | Reached skill level 5 in Stealth
  4457 | D:5      | Found an iron altar of Okawaru.
  4549 | D:5      | Reached XP level 8. HP: 58/58 MP: 16/16
  4697 | D:5      | Found a basalt altar of Yredelemnul.
  4762 | D:5      | Found a white marble altar of Elyvilon.
  4762 | D:5      | Noticed Dowan
  4765 | D:5      | Noticed Duvessa
  4769 | D:5      | Killed Dowan
  4777 | D:5      | Duvessa changed into Duvessa the river rat
  4777 | D:5      | Noticed Duvessa
  4779 | D:5      | Killed Duvessa the river rat
  6080 | D:6      | Learned a level 3 spell: Inner Flame
  6224 | D:6      | Reached **** piety under Cheibriados
  6708 | D:6      | Found a hide-covered altar of Uskayaw.
  6742 | D:6      | Found a sparkling altar of Nemelex Xobeh.
  6743 | D:6      | Found a stormy altar of Qazlal.
  6745 | D:6      | Found a hazy altar of Hepliaklqana.
  6747 | D:6      | Found a broken altar of Ashenzari.
  7075 | D:7      | Found a staircase to the Ecumenical Temple.
  7204 | D:7      | Reached XP level 9. HP: 65/65 MP: 15/18
  7348 | D:7      | Found a shadowy altar of Dithmenos.
  7354 | D:7      | Found a bloodstained altar of Trog.
  8087 | D:8      | Reached ***** piety under Cheibriados
  8088 | D:8      | Reached skill level 5 in Invocations
  8272 | D:8      | You fall into a shaft and drop 2 floors!
  8272 | D:10     | Entered Level 10 of the Dungeon
  8299 | D:10     | Killed an unseen horror
  8366 | D:10     | Noticed a troll
  8377 | D:10     | Killed a troll
  8378 | D:10     | Reached skill level 5 in Fighting
  8378 | D:10     | Reached skill level 5 in Short Blades
  8378 | D:10     | Reached skill level 5 in Long Blades
  8378 | D:10     | Reached skill level 5 in Axes
  8378 | D:10     | Reached skill level 5 in Maces & Flails
  8378 | D:10     | Reached skill level 5 in Polearms
  8378 | D:10     | Reached skill level 5 in Staves
  8378 | D:10     | Reached skill level 5 in Ranged Weapons
  8378 | D:10     | Reached skill level 5 in Throwing
  8378 | D:10     | Reached skill level 5 in Armour
  8378 | D:10     | Reached skill level 5 in Shields
  8378 | D:10     | Reached skill level 5 in Unarmed Combat
  8378 | D:10     | Reached skill level 5 in Evocations
  8378 | D:10     | Reached XP level 10. HP: 74/74 MP: 12/20
  8439 | D:10     | Noticed Sonja
  8453 | D:10     | Killed Sonja
  8726 | D:10     | Found a portal to a secret trove of treasure.
  8824 | D:9      | Found a staircase to the Orcish Mines.
  8848 | D:9      | Reached skill level 5 in Conjurations
  8848 | D:9      | HP: 3/74 [orc priest/divine providence (14)]
  8849 | D:9      | Killed from afar by an orc priest

Illustrated notes

Levels and vault maps discovered:
D:1:      shiori_arrival_oz, layout_basic
D:2:      layout_rooms, basic_ecumenical_altar, grunt_ministairs_13,
          solitary_fountain, minmay_goblin_outpost
D:3:      layout_basic, chequers_temple_overflow_statue_of_worship,
          cheibriados_altar_1
D:4:      layout_loops_corners
D:5:      layout_loops_ring, kennysheep_ying_yang, lemuel_round_altar,
          portal_sewer_entry_d, nicolae_sextant, uniq_duvessa, uniq_edmund
D:6:      layout_basic, minitemple
D:7:      layout_loops_ring, mainiacjoe_overflow_tiny_flanked, bloody_trog,
          minmay_temple_entry_ruins
D:8:      layout_basic, bloody_makhleb, due_lair_maze_entry_diamond
D:9:      layout_grid_maze, minmay_orc_entry_temple_small
D:10:     layout_roguey, nicolae_trove_entry_crystal,
          kennysheep_generic_room_14, uniq_sonja

Skill      XL: |  1  2  3  4  5  6  7  8  9 10 |
---------------+-------------------------------+-----
Conjurations   | 2 3 4 5 |  5.0
Spellcasting   | 5 6 7 |  7.4
Invocations    | 1 2 3 4 5 |  5.9
Fighting       | 1 2 3 5 |  5.3
Short Blades   | 1 2 3 5 |  5.3
Long Blades    | 1 2 3 5 |  5.3
Axes           | 1 2 3 5 |  5.3
Maces & Flails | 1 2 3 5 |  5.3
Polearms       | 1 2 3 5 |  5.3
Staves         | 1 2 3 5 |  5.3
Ranged Weapons | 1 2 3 5 |  5.3
Throwing       | 1 2 3 5 |  5.3
Armour         | 1 2 3 5 |  5.3
Shields        | 1 2 3 5 |  5.3
Unarmed Combat | 1 2 3 5 |  5.3
Evocations     | 1 2 3 5 |  5.3
Hexes          | 1 2 3 4 |  4.4
Summonings     | 1 2 3 4 |  4.4
Necromancy     | 1 2 3 4 |  4.4
Translocations | 1 2 3 4 |  4.4
Transmutations | 1 2 3 4 |  4.4
Ice Magic      | 1 2 3 4 |  4.4
Air Magic      | 1 2 3 4 |  4.4
Earth Magic    | 1 2 3 4 |  4.4
Poison Magic   | 1 2 3 4 |  4.4
Dodging        | 5 6 7 |  7.1
Stealth        | 5 6 |  6.9
Fire Magic     | 6 7 |  7.1

Action                     |  1- 3 |  4- 6 |  7- 9 | 10-12 || total
---------------------------+-------+-------+-------+-------++-------
  Melee: Club              |     2 |       |       |       ||     2
         Bite              |     1 |       |       |       ||     1
         Short sword       |       |     4 |       |       ||     4
         Great mace        |       |     1 |     6 |       ||     7
   Cast: Foxfire           |    87 |    75 |   226 |    10 ||   398
         Scorch            |     5 |    49 |    70 |    14 ||   138
         Inner Flame       |       |       |     1 |       ||     1
 Invoke: Step From Time    |       |       |       |     1 ||     1
  Evoke: Wand              |       |     4 |     4 |     3 ||    11
    Use: Scroll            |     1 |       |    16 |     7 ||    24
         Potion            |       |       |     2 |     5 ||     7
 Armour: Robe              |     8 |    16 |    68 |     3 ||    95
         Troll leather arm |       |       |       |    14 ||    14
  Dodge: Dodged            |    15 |    54 |   150 |    41 ||   260

Table legend: (Time is in decaauts)
 A = Elapsed time spent in this place.
 B = Non-inter-level travel time spent in this place.
 C = Inter-level travel time spent in this place.
 D = Time resting spent in this place.
 E = Time spent auto-exploring this place.
 F = Levels seen in this place.
 G = Mean time per level.
                   A        B        C        D        E       F      G
               +--------+--------+--------+--------+--------+-----+--------+
         Total |  11109 |  10727 |    382 |   2065 |   6854 |  11 | 1009.9 |
       Dungeon |  10535 |  10153 |    382 |   1908 |   6658 |  10 | 1053.5 |
         Sewer |    573 |    573 |      0 |    157 |    196 |   1 |  573.0 |
               +--------+--------+--------+--------+--------+-----+--------+

Top non-repeatable levels by time:
     D:5: 2430 daAuts
     D:7: 1545 daAuts
     D:6: 1410 daAuts
     D:2: 1175 daAuts
     D:4: 1165 daAuts
     D:1: 891 daAuts
     D:3: 828 daAuts
    D:10: 799 daAuts
   Sewer: 573 daAuts
     D:8: 253 daAuts
     D:9: 34 daAuts
